 Dungeon Crawl Stone Soup version 0.31-a0-506-g3d79149578 (webtiles) character file.

Game seed: 4442461343442782415

1976 Bnni the Poker (level 9, -4/71 HPs)
             Began as a Formicid Hexslinger on Aug 9, 2023.
             Was an Initiate of Yredelemnul.
             Slain by a mummy (13 damage)
             ... in an ossuary.
             The game lasted 00:09:59 (5418 turns).

Bnni the Poker (Formicid Hexslinger)                Turns: 5418, Time: 00:10:00

Health: -4/71      AC: 27    Str: 16    XL:     9   Next: 43%
Magic:  12/12      EV:  1    Int: 12    God:    Yredelemnul [......]
Gold:   329        SH:  0    Dex: 18    Spells: 9/10 levels left

rFire   + . .        e - +1 spear (venom)
rCold   + . .        (no shield)
rNeg    . . .        p - +9 scales of the Dragon King {rPois rF+ rC+ Will+}
rPois   +            (helmet unavailable)
rElec   .            (no cloak)
rCorr   .            t - +2 pair of gloves
SInv    +            (no boots)
Will    +....        (no amulet) Stlth
                     (no ring)
HPRegen 0.31/turn    (no ring)
MPRegen 0.13/turn

%: no passive effects
@: no status effects
A: permanent stasis, dig shafts and tunnels, antennae 3, four strong arms
a: Dig, Renounce Religion, Recall Undead Harvest


You were in an ossuary.
You worshipped Yredelemnul.
Yredelemnul was noncommittal.
You visited 2 branches of the dungeon, and saw 7 of its levels.
You also visited: Ossuary.

You collected 329 gold pieces.

Inventory:

Hand Weapons
 d - a +2 whip of electrocution
 e - a +1 spear of venom (weapon)
Missiles
 g - 6 silver javelins
 r - 6 boomerangs
 v - 5 poisoned darts
 y - a throwing net
Armour
 i - a +0 crystal plate armour
 p - the +9 scales of the Dragon King (worn) {rPois rF+ rC+ Will+}
   (You found it on level 3 of the Dungeon)

   rF+:       It protects you from fire.
   rC+:       It protects you from cold.
   rPois:     It protects you from poison Will+: It increases your willpower.
 t - a +2 pair of gloves (worn)
Jewellery
 z - a ring of fire
Wands
 a - a wand of iceblast (20)
Scrolls
 b - a scroll of poison
 c - a scroll of noise {unknown}
 f - 2 scrolls of teleportation {unknown}
 k - 5 scrolls of enchant weapon {unknown}
 m - a scroll of silence
 u - a scroll of vulnerability
 w - a scroll of brand weapon
Potions
 j - 3 potions of curing
 l - 2 potions of enlightenment
 n - 2 potions of invisibility {unknown}
 o - 2 potions of mutation
 q - a potion of degeneration {unknown}
 s - a potion of berserk rage {unknown}


   Skills:
 + Level 6.5 Fighting
 * Level 6.7 Polearms
 - Level 3.1 Ranged Weapons
 + Level 5.7 Armour
 - Level 1.7 Dodging
 - Level 1.1 Spellcasting
 - Level 4.1 Hexes
 + Level 4.4 Invocations


You had 9 spell levels left.
You knew the following spells:

 Your Spells              Type           Power      Damage    Failure   Level
a - Slow                  Hex            40%        N/A       100%        1

Your spell library contained the following spells:

 Spells                   Type           Power      Damage    Failure   Level
 Summon Small Mammal      Summ           0%         N/A       100%        1
 Call Canine Familiar     Summ           0%         N/A       100%        3
 Dazzling Flash           Conj/Hex       10%        N/A       100%        3
 Inner Flame              Hex/Fire       5%         N/A       100%        3
 Portal Projectile        Hex/Tloc       10%        N/A       100%        3
 Summon Guardian Golem    Hex/Summ       5%         N/A       100%        3
 Volatile Blastmotes      Fire/Tloc      0%         2d10      100%        3
 Cause Fear               Hex            5%         N/A       100%        4
 Summon Ice Beast         Ice/Summ       0%         N/A       100%        4
 Summon Mana Viper        Hex/Summ       5%         N/A       100%        5
 Starburst                Conj/Fire      0%         6d3       100%        6
 Monstrous Menagerie      Summ           0%         N/A       100%        7
 Maxwell's Capacitive Co  Air            0%         ∞         100%        8


Dungeon Overview and Level Annotations

Branches:
Dungeon (6/15)             Temple (1/1) D:4         Ossuary (1/1)

Altars:
Cheibriados
Dithmenos
Elyvilon
Gozag
Hepliaklqana
Makhleb
Nemelex Xobeh
Okawaru
Qazlal
Uskayaw
Vehumet
Wu Jian
Xom
Yredelemnul
Zin
The Shining One

Shops:
D:5 *


Innate Abilities, Weirdness & Mutations

You cannot be hasted, slowed, berserked, paralysed or teleported.
You can dig through walls and to a lower floor.
You have a pair of large antennae on your head. (SInv)
Your four strong arms can wield two-handed weapons with a shield.


Message History

The mummy hits you.
* * * LOW HITPOINT WARNING * * *
Unknown command.
You hit the mummy.
The mummy is severely damaged.
The mummy hits you!
* * * LOW HITPOINT WARNING * * *
The orc zombie hits you but does no damage.
Unknown command.
You hit the mummy but do no damage.
The mummy is severely damaged.
The mummy hits you.
* * * LOW HITPOINT WARNING * * *
Unknown command.
You hit the mummy.
You destroy the mummy!
The orc zombie hits you but does no damage.
The mummy hits you but does no damage.
Unknown command.
You hit the mummy.
The mummy is lightly damaged.
The orc zombie hits you but does no damage.
Unknown command.
You hit the mummy.
The mummy is moderately damaged.
Unknown command.
You hit the mummy but do no damage.
The mummy is moderately damaged.
The mummy hits you but does no damage.
The orc zombie hits you but does no damage.
Unknown command.
You hit the mummy.
The mummy is heavily damaged.
Unknown command.
You completely miss the mummy.
The mummy is heavily damaged.
The orc zombie hits you but does no damage.
The mummy hits you!
You die...
Your body rises from the dead as a mindless zombie.

#....#
#....#
#....#
#....#
#....#
#....#
#....#
#..ZM#
#.∩∩@#
######


You could see a mummy and an orc zombie.

Vanquished Creatures
  Grinder (D:3)
  A sky beast (D:4)
  2 black bears
  An ice beast (D:4)
  3 ogres
  A centaur (D:6)
  A phantom (D:6)
  3 scorpions (D:6)
  2 howler monkeys (D:6)
  A jelly (D:6)
  A gnoll bouda (D:5)
  A hound (D:5)
  4 iguanas
  3 mummies (Ossuary)
  Robin (D:3)
  3 gnolls (D:5)
  17 adders
  4 worms (D:2)
  4 dart slugs
  11 orcs
  7 bats
  8 endoplasms
  3 giant cockroaches
  4 gnoll zombies (Ossuary)
  19 goblins
  10 hobgoblins
  3 jackals (D:2)
  9 kobolds
  5 quokkas
  5 ball pythons
  5 frilled lizards
  3 orc zombies (Ossuary)
  4 rats
150 creatures vanquished.

Vanquished Creatures (collateral kills)
  An ice beast (D:5)
  A phantom (D:4)
  An adder (D:4)
  A worm (D:4)
4 creatures vanquished.

Vanquished Creatures (others)
  A scorpion zombie (D:6)
  An iguana zombie (D:4)
  A gnoll zombie (D:5)
  A ball python zombie (D:4)
  A bat (D:3)
  An orc zombie (D:4)
6 creatures vanquished.

Grand Total: 160 creatures vanquished

Notes
Turn   | Place    | Note
-------+----------+-------------------------------------------
     0 | D:1      | Bnni the Formicid Hexslinger began the quest for the Orb.
     0 | D:1      | Reached XP level 1. HP: 15/15 MP: 2/2
    86 | D:1      | Reached XP level 2. HP: 21/21 MP: 3/3
   114 | D:1      | HP: 1/21 [dart slug/slug dart (5)]
   224 | D:1      | Found a faded altar of an unknown god.
   320 | D:1      | Reached XP level 3. HP: 21/27 MP: 4/4
   993 | D:2      | Reached XP level 4. HP: 21/33 MP: 5/5
  1317 | D:2      | Reached skill level 1 in Armour
  1317 | D:2      | Reached XP level 5. HP: 41/41 MP: 6/6
  1377 | D:2      | Found a glowing silver altar of Zin.
  1977 | D:3      | Noticed Robin
  1986 | D:3      | Killed Robin
  2206 | D:3      | Found the +9 scales of the Dragon King {rPois rF+ rC+
                  | Will+}
  2317 | D:3      | Noticed Grinder
  2354 | D:3      | Found a white marble altar of Elyvilon.
  2362 | D:3      | Killed Grinder
  2363 | D:3      | Reached XP level 6. HP: 15/49 MP: 7/7
  2363 | D:3      | Reached XP level 7. HP: 17/55 MP: 8/8
  3386 | D:4      | Found a staircase to the Ecumenical Temple.
  3401 | Temple   | Entered the Ecumenical Temple
  3445 | Temple   | Became a worshipper of Yredelemnul the Dark
  3821 | D:4      | Reached * piety under Yredelemnul
  3822 | D:4      | Reached skill level 5 in Fighting
  3949 | D:4      | Reached ** piety under Yredelemnul
  3950 | D:4      | Reached skill level 1 in Invocations
  3950 | D:4      | Reached XP level 8. HP: 62/62 MP: 9/9
  4248 | D:5      | Entered Level 5 of the Dungeon
  4296 | D:5      | Found Faubedghi's Assorted Antiques.
  4302 | D:5      | Reached skill level 5 in Polearms
  4311 | D:5      | HP: 1/63 [ogre/+0 giant club (14)]
  4727 | D:5      | Found a burning altar of Makhleb.
  4997 | D:5      | Reached skill level 5 in Armour
  5175 | D:6      | Reached XP level 9. HP: 67/69 MP: 11/11
  5180 | D:6      | Found a sand-covered staircase.
  5305 | Ossuary  | Entered an ossuary
  5418 | Ossuary  | Slain by a mummy

Illustrated notes

Levels and vault maps discovered:
D:1:      lightli_arrival_quake, layout_basic,
          ebering_ecumenical_altar_petrified, st_stairs_5,
          minmay_misc_feat_tower, minmay_misc_feat_hallway
D:2:      layout_loops_ring, basic_altar, minmay_unequal
D:3:      layout_basic, elyvilon_altar_4, st_stairs_5, uniq_grinder, uniq_robin
D:4:      minmay_bubble_buster, layout_basic, minmay_temple_entry_wispy
D:5:      layout_basic, bloody_makhleb, serial_shops, nicolae_shop_stone
D:6:      wad_pebble_path, layout_loops_ring, portal_sewer_entry_e,
          enter_ossuary_1, uniq_sigmund
Temple:   dshaligram_water_room_temple
Ossuary:  ossuary_tomb_3

Skill      XL: |  1  2  3  4  5  6  7  8  9 |
---------------+----------------------------+-----
Hexes          | 4 |  4.1
Fighting       | 2 3 4 5 6 |  6.5
Ranged Weapons | 3 |  3.1
Armour         | 1 3 4 5 |  5.7
Polearms       | 2 4 5 6 |  6.7
Invocations    | 1 3 4 |  4.4
Dodging        | |  1.7
Spellcasting   | |  1.1

Action                     |  1- 3 |  4- 6 |  7- 9 || total
---------------------------+-------+-------+-------++-------
  Melee: Whip              |       |   135 |       ||   135
         Punch             |       |     3 |     4 ||     7
         Spear             |       |    43 |   408 ||   451
   Fire: Sling             |    95 |    13 |       ||   108
    Use: Potion            |       |     2 |       ||     2
         Scroll            |       |       |     6 ||     6
   Stab: Distracted        |       |       |     1 ||     1
 Armour: Robe              |     2 |       |       ||     2
         Leather armour    |     7 |     5 |       ||    12
         Crystal plate arm |       |   129 |       ||   129
         Gold dragon scale |       |    19 |   312 ||   331
  Dodge: Dodged            |    31 |    14 |    10 ||    55

Table legend: (Time is in decaauts)
 A = Elapsed time spent in this place.
 B = Non-inter-level travel time spent in this place.
 C = Inter-level travel time spent in this place.
 D = Time resting spent in this place.
 E = Time spent auto-exploring this place.
 F = Levels seen in this place.
 G = Mean time per level.
                   A        B        C        D        E       F      G
               +--------+--------+--------+--------+--------+-----+--------+
         Total |   5396 |   5224 |    172 |    199 |   3736 |   8 |  674.5 |
       Dungeon |   5238 |   5085 |    153 |    199 |   3735 |   6 |  873.0 |
        Temple |     64 |     45 |     19 |      0 |      0 |   1 |   64.0 |
       Ossuary |     93 |     93 |      0 |      0 |      1 |   1 |   93.0 |
               +--------+--------+--------+--------+--------+-----+--------+

Top non-repeatable levels by time:
     D:3: 1220 daAuts
     D:4: 1149 daAuts
     D:1: 967 daAuts
     D:5: 902 daAuts
     D:2: 880 daAuts
     D:6: 118 daAuts
 Ossuary: 93 daAuts
  Temple: 64 daAuts
